[ PARTIDA AOE2 · #469718220 ]
UnrankedSarracenos vs Italians
[ ANÁLISIS DE REPETICIÓN · EXTRAÍDO DE LA PARTIDA GRABADA ]
Feudal
10:37
Castillos
24:32
Imperial
37:12
| APM promedio | 43.2 |
| APM pico | 73 |
| eAPM promedio | 19.4 |
| Aldeanos / militares | 90 / 112 |
Foco
⚔️ 25.5% · 🌾 74.5%
Archer ×110 · Monk ×2
Feudal
11:49
Castillos
16:20
Imperial
33:51
| APM promedio | 28.1 |
| APM pico | 54 |
| eAPM promedio | 13.9 |
| Aldeanos / militares | 75 / 56 |
Foco
⚔️ 27.9% · 🌾 72.1%
Genoese Crossbowman ×34 · Skirmisher ×19 · Fishing Ship ×5 · Trebuchet (Packed) ×3
Feudal
12:07
Castillos
16:57
Imperial
33:40
| APM promedio | 37.9 |
| APM pico | 68 |
| eAPM promedio | 18.0 |
| Aldeanos / militares | 101 / 64 |
Foco
⚔️ 27.5% · 🌾 72.5%
Skirmisher ×33 · Knight ×29 · Mangonel ×2
Feudal
12:39
Castillos
24:46
Imperial
—
| APM promedio | 28.4 |
| APM pico | 58 |
| eAPM promedio | 13.9 |
| Aldeanos / militares | 70 / 28 |
Foco
⚔️ 26.9% · 🌾 73.1%
Skirmisher ×19 · Galley ×7 · Fishing Ship ×6 · Demolition Raft ×2
Mapa de la partida
Recursos iniciales + cada clic de construcción. Líneas = muros · curvas = relieve. ◆ oro · ⬟ piedra · ● bayas · ✦ reliquia · ◌ hueco del cierre
Tu base· ✓ Separados por el mapa
Base de Hackjack37· ✓ Separados por el mapa
Base de Macaw· ✓ Separados por el mapa
Base de True Anomaly· ✓ Separados por el mapa
Terreno inicial suavizado · ◌ = hueco del cierre detectado · pasá el cursor para detalles
Inputs por minuto
— Ottz - - Hackjack37
Build order — Ottz
Primeras 150 de 304 acciones detectadas
| 0:01 | Crear | Villager (Male) |
| 0:01 | Crear | Villager (Male) |
| 0:01 | Crear | Villager (Male) |
| 0:02 | Crear | Villager (Male) |
| 0:03 | Construir | House |
| 0:07 | Construir | House |
| 0:45 | Construir | House |
| 1:43 | Crear | Villager (Male) |
| 1:44 | Crear | Villager (Male) |
| 2:11 | Crear | Villager (Male) |
| 2:12 | Crear | Villager (Male) |
| 2:31 | Crear | Villager (Male) |
| 3:02 | Crear | Villager (Male) |
| 3:03 | Crear | Villager (Male) |
| 3:19 | Crear | Villager (Male) |
| 3:19 | Crear | Villager (Male) |
| 3:20 | Crear | Villager (Male) |
| 3:41 | Construir | Lumber Camp |
| 3:50 | Crear | Villager (Male) |
| 3:56 | Construir | Mill |
| 4:13 | Crear | Villager (Male) |
| 4:13 | Crear | Villager (Male) |
| 4:37 | Crear | Villager (Male) |
| 5:09 | Crear | Villager (Male) |
| 5:22 | Crear | Villager (Male) |
| 5:25 | Construir | House |
| 5:32 | Crear | Villager (Male) |
| 5:33 | Crear | Villager (Male) |
| 6:04 | Crear | Villager (Male) |
| 6:05 | Crear | Villager (Male) |
| 6:45 | Crear | Villager (Male) |
| 6:55 | Crear | Villager (Male) |
| 7:18 | Construir | Palisade Gate |
| 7:19 | Construir | Palisade Wall |
| 7:21 | Construir | Palisade Wall |
| 7:41 | Investigar | Loom |
| 8:27 | Investigar | Feudal Age |
| 8:41 | Construir | Mining Camp |
| 8:46 | Construir | House |
| 9:23 | Construir | Barracks |
| 9:58 | Crear | Villager (Male) |
| 9:58 | Crear | Villager (Male) |
| 10:25 | Crear | Villager (Male) |
| 10:37 | Edad | Edad Feudal |
| 10:52 | Construir | Archery Range |
| 10:57 | Crear | Villager (Male) |
| 11:29 | Crear | Villager (Male) |
| 11:34 | Crear | Villager (Male) |
| 12:04 | Construir | Archery Range |
| 12:19 | Crear | Villager (Male) |
| 12:21 | Crear | Villager (Male) |
| 12:29 | Crear | Archer |
| 12:35 | Investigar | Horse Collar |
| 12:46 | Crear | Archer |
| 13:02 | Crear | Archer |
| 13:02 | Crear | Archer |
| 13:02 | Crear | Archer |
| 13:02 | Crear | Archer |
| 13:12 | Crear | Villager (Male) |
| 13:22 | Crear | Archer |
| 13:22 | Crear | Archer |
| 13:42 | Crear | Archer |
| 13:59 | Construir | Blacksmith |
| 14:04 | Crear | Archer |
| 14:05 | Crear | Archer |
| 14:08 | Crear | Villager (Male) |
| 14:16 | Crear | Archer |
| 14:30 | Investigar | Padded Archer Armor |
| 14:35 | Crear | Villager (Male) |
| 14:41 | Investigar | Fletching |
| 14:55 | Crear | Archer |
| 15:14 | Construir | Farm |
| 15:15 | Construir | Farm |
| 15:16 | Construir | Farm |
| 15:18 | Construir | Farm |
| 15:20 | Construir | Farm |
| 15:26 | Construir | House |
| 15:28 | Construir | House |
| 15:31 | Crear | Archer |
| 15:31 | Crear | Archer |
| 15:38 | Crear | Archer |
| 15:38 | Crear | Archer |
| 15:41 | Crear | Villager (Male) |
| 16:15 | Crear | Archer |
| 16:15 | Crear | Archer |
| 16:40 | Crear | Archer |
| 16:40 | Crear | Archer |
| 16:41 | Crear | Villager (Male) |
| 16:45 | Construir | Farm |
| 16:46 | Construir | Farm |
| 16:48 | Construir | Farm |
| 17:18 | Crear | Villager (Male) |
| 17:21 | Crear | Archer |
| 17:21 | Crear | Archer |
| 17:21 | Crear | Archer |
| 18:07 | Crear | Villager (Male) |
| 18:08 | Crear | Villager (Male) |
| 18:12 | Construir | House |
| 18:13 | Construir | House |
| 18:14 | Construir | House |
| 18:18 | Crear | Villager (Male) |
| 18:26 | Construir | Farm |
| 18:27 | Construir | Farm |
| 18:28 | Construir | Farm |
| 18:30 | Construir | Farm |
| 18:36 | Crear | Archer |
| 18:36 | Crear | Archer |
| 18:37 | Crear | Archer |
| 18:37 | Crear | Archer |
| 19:06 | Construir | Farm |
| 19:07 | Construir | Farm |
| 19:08 | Construir | Farm |
| 19:13 | Construir | Farm |
| 19:14 | Construir | Farm |
| 19:42 | Crear | Villager (Male) |
| 19:43 | Crear | Villager (Male) |
| 20:16 | Crear | Archer |
| 20:16 | Crear | Archer |
| 20:49 | Crear | Villager (Male) |
| 20:53 | Construir | Farm |
| 20:54 | Construir | Farm |
| 20:56 | Crear | Villager (Male) |
| 21:20 | Crear | Archer |
| 21:21 | Crear | Archer |
| 21:21 | Crear | Archer |
| 21:21 | Crear | Archer |
| 21:52 | Investigar | Castle Age |
| 21:52 | Investigar | Castle Age |
| 22:19 | Crear | Archer |
| 22:19 | Crear | Archer |
| 22:26 | Construir | Archery Range |
| 22:26 | Construir | Archery Range |
| 22:46 | Crear | Archer |
| 22:49 | Investigar | Gold Mining |
| 22:51 | Investigar | Double-Bit Axe |
| 23:00 | Crear | Villager (Male) |
| 23:00 | Crear | Villager (Male) |
| 23:06 | Crear | Archer |
| 23:24 | Crear | Archer |
| 23:25 | Crear | Archer |
| 24:18 | Crear | Archer |
| 24:18 | Crear | Archer |
| 24:18 | Crear | Archer |
| 24:32 | Edad | Edad de los Castillos |
| 24:32 | Investigar | Crossbowman (upgrade) |
| 24:33 | Investigar | Crossbowman (upgrade) |
| 24:33 | Investigar | Bodkin Arrow |
| 24:34 | Investigar | Bodkin Arrow |
| 24:39 | Construir | Town Center |
| 24:47 | Crear | Archer |
Build order — Hackjack37
Primeras 150 de 214 acciones detectadas
| 0:02 | Crear | Villager (Male) |
| 0:03 | Crear | Villager (Male) |
| 0:03 | Crear | Villager (Male) |
| 0:03 | Crear | Villager (Male) |
| 0:05 | Construir | House |
| 0:07 | Construir | House |
| 1:33 | Crear | Villager (Male) |
| 1:50 | Construir | Lumber Camp |
| 2:01 | Crear | Villager (Male) |
| 2:27 | Crear | Villager (Male) |
| 3:04 | Crear | Villager (Male) |
| 3:32 | Crear | Villager (Male) |
| 4:03 | Crear | Villager (Male) |
| 4:31 | Construir | Palisade Wall |
| 4:35 | Crear | Villager (Male) |
| 5:07 | Crear | Villager (Male) |
| 5:13 | Construir | Dock |
| 5:24 | Construir | House |
| 5:30 | Investigar | Loom |
| 5:31 | Crear | Villager (Male) |
| 5:49 | Crear | Villager (Male) |
| 5:50 | Crear | Villager (Male) |
| 6:09 | Crear | Fishing Ship |
| 6:59 | Crear | Villager (Male) |
| 7:08 | Crear | Fishing Ship |
| 7:08 | Crear | Fishing Ship |
| 7:10 | Crear | Fishing Ship |
| 7:10 | Crear | Fishing Ship |
| 7:17 | Construir | House |
| 7:59 | Crear | Villager (Male) |
| 8:49 | Construir | Mining Camp |
| 8:57 | Crear | Villager (Male) |
| 8:57 | Crear | Villager (Male) |
| 9:09 | Construir | House |
| 9:39 | Investigar | Feudal Age |
| 10:05 | Construir | Mining Camp |
| 10:17 | Construir | House |
| 10:24 | Construir | Mill |
| 10:34 | Crear | Villager (Male) |
| 10:34 | Crear | Villager (Male) |
| 11:49 | Edad | Edad Feudal |
| 11:57 | Construir | Farm |
| 12:10 | Construir | Blacksmith |
| 12:18 | Construir | Market |
| 12:32 | Crear | Villager (Male) |
| 12:43 | Construir | House |
| 12:52 | Construir | House |
| 12:54 | Construir | House |
| 13:03 | Construir | Palisade Wall |
| 13:06 | Construir | Palisade Wall |
| 13:15 | Crear | Villager (Male) |
| 13:39 | Investigar | Castle Age |
| 15:37 | Construir | House |
| 15:51 | Crear | Villager (Male) |
| 15:51 | Crear | Villager (Male) |
| 16:20 | Edad | Edad de los Castillos |
| 16:33 | Construir | Castle |
| 16:47 | Crear | Villager (Male) |
| 16:48 | Crear | Villager (Male) |
| 17:23 | Construir | Farm |
| 17:26 | Construir | Farm |
| 17:47 | Investigar | Padded Archer Armor |
| 17:48 | Crear | Villager (Male) |
| 17:49 | Crear | Villager (Male) |
| 17:52 | Construir | Farm |
| 18:34 | Construir | Watch Tower |
| 18:40 | Crear | Villager (Male) |
| 18:41 | Crear | Villager (Male) |
| 18:49 | Construir | Siege Workshop |
| 18:53 | Construir | Farm |
| 18:55 | Construir | Farm |
| 19:00 | Crear | Villager (Male) |
| 19:00 | Crear | Villager (Male) |
| 19:02 | Crear | Villager (Male) |
| 19:26 | Crear | Villager (Male) |
| 19:27 | Crear | Villager (Male) |
| 19:34 | Crear | Genoese Crossbowman |
| 19:35 | Crear | Genoese Crossbowman |
| 19:43 | Construir | Farm |
| 19:48 | Construir | Farm |
| 19:51 | Construir | Farm |
| 19:52 | Crear | Villager (Male) |
| 19:53 | Crear | Villager (Male) |
| 20:00 | Crear | Genoese Crossbowman |
| 20:43 | Crear | Genoese Crossbowman |
| 20:47 | Crear | Genoese Crossbowman |
| 20:52 | Investigar | Fletching |
| 21:22 | Construir | University |
| 21:25 | Construir | House |
| 21:27 | Construir | House |
| 21:32 | Crear | Genoese Crossbowman |
| 21:32 | Crear | Genoese Crossbowman |
| 22:09 | Crear | Genoese Crossbowman |
| 22:09 | Crear | Genoese Crossbowman |
| 22:10 | Crear | Genoese Crossbowman |
| 22:35 | Investigar | Ballistics |
| 22:36 | Crear | Villager (Male) |
| 22:37 | Crear | Villager (Male) |
| 22:37 | Crear | Villager (Male) |
| 23:02 | Investigar | Double-Bit Axe |
| 23:05 | Investigar | Leather Archer Armor |
| 23:48 | Crear | Villager (Male) |
| 23:48 | Crear | Villager (Male) |
| 24:47 | Crear | Genoese Crossbowman |
| 24:48 | Crear | Genoese Crossbowman |
| 24:48 | Crear | Genoese Crossbowman |
| 24:48 | Crear | Genoese Crossbowman |
| 24:49 | Crear | Genoese Crossbowman |
| 24:49 | Crear | Genoese Crossbowman |
| 24:49 | Crear | Genoese Crossbowman |
| 24:49 | Crear | Genoese Crossbowman |
| 24:50 | Crear | Genoese Crossbowman |
| 24:50 | Crear | Genoese Crossbowman |
| 24:51 | Crear | Villager (Male) |
| 24:51 | Crear | Villager (Male) |
| 24:51 | Crear | Villager (Male) |
| 24:52 | Crear | Villager (Male) |
| 24:52 | Crear | Villager (Male) |
| 24:54 | Construir | House |
| 24:56 | Construir | House |
| 24:57 | Construir | House |
| 24:59 | Construir | House |
| 25:27 | Investigar | Bodkin Arrow |
| 26:23 | Crear | Villager (Male) |
| 26:34 | Construir | Town Center |
| 26:43 | Investigar | Wheelbarrow |
| 26:44 | Investigar | Town Watch |
| 26:45 | Crear | Villager (Male) |
| 26:45 | Crear | Villager (Male) |
| 26:49 | Construir | House |
| 27:48 | Construir | House |
| 28:19 | Crear | Villager (Male) |
| 28:19 | Crear | Villager (Male) |
| 28:33 | Crear | Villager (Male) |
| 28:34 | Crear | Villager (Male) |
| 29:02 | Construir | Farm |
| 29:03 | Construir | Farm |
| 29:03 | Construir | Farm |
| 29:03 | Construir | Farm |
| 29:03 | Construir | Farm |
| 29:03 | Construir | Farm |
| 29:03 | Construir | Farm |
| 29:04 | Construir | Farm |
| 29:04 | Construir | Farm |
| 29:04 | Construir | Farm |
| 29:34 | Construir | Farm |
| 29:51 | Construir | House |
| 30:37 | Investigar | Imperial Age |
| 30:46 | Crear | Villager (Male) |
| 30:46 | Crear | Villager (Male) |
Build order — Macaw
Primeras 150 de 244 acciones detectadas
| 0:00 | Crear | Villager (Male) |
| 0:01 | Crear | Villager (Male) |
| 0:01 | Crear | Villager (Male) |
| 0:03 | Construir | House |
| 0:04 | Construir | House |
| 0:13 | Crear | Villager (Male) |
| 0:13 | Crear | Villager (Male) |
| 1:23 | Crear | Villager (Male) |
| 1:47 | Crear | Villager (Male) |
| 2:01 | Construir | Lumber Camp |
| 2:07 | Crear | Villager (Male) |
| 2:45 | Crear | Villager (Male) |
| 3:05 | Crear | Villager (Male) |
| 3:45 | Crear | Villager (Male) |
| 3:45 | Crear | Villager (Male) |
| 3:51 | Construir | House |
| 4:00 | Investigar | Loom |
| 4:08 | Crear | Villager (Male) |
| 4:26 | Crear | Villager (Male) |
| 4:42 | Crear | Villager (Male) |
| 4:42 | Crear | Villager (Male) |
| 4:46 | Construir | Mill |
| 5:05 | Construir | House |
| 5:06 | Construir | House |
| 5:17 | Crear | Villager (Male) |
| 5:26 | Construir | Palisade Wall |
| 5:27 | Construir | Palisade Wall |
| 5:35 | Construir | Palisade Wall |
| 5:36 | Construir | Palisade Wall |
| 5:39 | Crear | Villager (Male) |
| 5:57 | Crear | Villager (Male) |
| 5:57 | Crear | Villager (Male) |
| 6:06 | Crear | Villager (Male) |
| 6:06 | Crear | Villager (Male) |
| 6:17 | Construir | House |
| 6:33 | Crear | Villager (Male) |
| 7:11 | Construir | Farm |
| 7:12 | Construir | Farm |
| 7:47 | Crear | Villager (Male) |
| 8:13 | Crear | Villager (Male) |
| 8:20 | Construir | Farm |
| 8:23 | Crear | Villager (Male) |
| 8:27 | Crear | Villager (Male) |
| 8:40 | Crear | Villager (Male) |
| 8:51 | Construir | Palisade Wall |
| 9:21 | Crear | Villager (Male) |
| 9:30 | Construir | Palisade Wall |
| 9:35 | Construir | Palisade Wall |
| 9:36 | Construir | Palisade Wall |
| 9:57 | Investigar | Feudal Age |
| 10:07 | Construir | Mining Camp |
| 10:43 | Construir | Farm |
| 10:45 | Construir | Farm |
| 11:42 | Crear | Villager (Male) |
| 11:43 | Crear | Villager (Male) |
| 11:57 | Crear | Villager (Male) |
| 12:07 | Edad | Edad Feudal |
| 12:09 | Crear | Villager (Male) |
| 12:09 | Crear | Villager (Male) |
| 12:15 | Construir | Market |
| 13:00 | Construir | Blacksmith |
| 13:05 | Crear | Villager (Male) |
| 14:17 | Investigar | Castle Age |
| 14:31 | Construir | Barracks |
| 14:49 | Construir | House |
| 14:50 | Construir | House |
| 15:25 | Construir | Stable |
| 15:49 | Construir | Lumber Camp |
| 16:14 | Construir | Farm |
| 16:57 | Edad | Edad de los Castillos |
| 16:58 | Crear | Knight |
| 16:58 | Crear | Knight |
| 17:10 | Construir | Stable |
| 17:23 | Crear | Knight ×4 |
| 17:24 | Crear | Villager (Male) |
| 17:26 | Construir | Farm |
| 17:31 | Crear | Villager (Male) |
| 17:39 | Construir | Farm |
| 18:08 | Crear | Villager (Male) |
| 18:16 | Crear | Knight |
| 18:21 | Crear | Knight |
| 18:21 | Crear | Knight |
| 18:22 | Crear | Knight |
| 18:24 | Crear | Villager (Male) |
| 18:29 | Construir | Farm |
| 18:31 | Construir | Farm |
| 18:32 | Construir | Farm |
| 18:34 | Crear | Villager (Male) |
| 18:45 | Crear | Knight |
| 18:52 | Construir | Farm |
| 19:34 | Crear | Villager (Male) |
| 19:35 | Crear | Villager (Male) |
| 19:37 | Construir | Farm |
| 19:56 | Crear | Knight |
| 19:58 | Crear | Knight |
| 20:48 | Crear | Knight ×2 |
| 20:51 | Crear | Villager (Male) |
| 20:54 | Construir | Farm |
| 20:59 | Construir | Farm |
| 21:00 | Construir | Farm |
| 21:04 | Construir | Farm |
| 21:09 | Construir | Farm |
| 21:11 | Construir | Farm |
| 21:11 | Construir | Farm |
| 21:27 | Investigar | Scale Barding Armor |
| 21:36 | Crear | Knight |
| 21:49 | Crear | Knight |
| 21:51 | Crear | Villager (Male) |
| 21:59 | Construir | Farm |
| 22:00 | Construir | Farm |
| 22:03 | Construir | Farm |
| 22:41 | Crear | Villager (Male) |
| 22:41 | Crear | Villager (Male) |
| 22:43 | Crear | Knight |
| 22:44 | Crear | Villager (Male) |
| 22:52 | Construir | Farm |
| 22:53 | Construir | Farm |
| 22:54 | Construir | Mill |
| 22:57 | Construir | Farm |
| 23:00 | Investigar | Horse Collar |
| 23:04 | Investigar | Double-Bit Axe |
| 23:05 | Investigar | Double-Bit Axe |
| 23:46 | Investigar | Chain Barding Armor |
| 23:48 | Crear | Villager (Male) |
| 24:21 | Crear | Knight ×2 |
| 24:21 | Crear | Knight ×2 |
| 24:22 | Crear | Villager (Male) |
| 24:23 | Crear | Villager (Male) |
| 24:33 | Construir | Lumber Camp |
| 24:39 | Crear | Villager (Male) |
| 25:02 | Investigar | Forging |
| 25:23 | Construir | Town Center |
| 25:32 | Crear | Knight ×2 |
| 25:33 | Crear | Villager (Male) |
| 25:39 | Construir | Farm |
| 25:50 | Crear | Villager (Male) |
| 25:54 | Construir | Mining Camp |
| 25:55 | Crear | Villager (Male) |
| 26:09 | Construir | House |
| 26:09 | Construir | House |
| 26:50 | Crear | Villager (Male) |
| 26:50 | Crear | Villager (Male) |
| 26:54 | Crear | Villager (Male) |
| 26:57 | Crear | Villager (Male) |
| 27:48 | Crear | Knight ×5 |
| 27:49 | Crear | Villager (Male) |
| 27:50 | Crear | Villager (Male) |
| 28:24 | Construir | Farm |
| 28:25 | Construir | Farm |
| 28:36 | Construir | Mining Camp |
Build order — True Anomaly
Primeras 150 de 218 acciones detectadas
| 0:01 | Crear | Villager (Male) |
| 0:01 | Crear | Villager (Male) |
| 0:01 | Crear | Villager (Male) |
| 0:02 | Crear | Villager (Male) |
| 0:02 | Crear | Villager (Male) |
| 0:04 | Construir | House |
| 0:06 | Construir | House |
| 1:25 | Crear | Villager (Male) |
| 1:25 | Crear | Villager (Male) |
| 1:45 | Construir | Lumber Camp |
| 2:00 | Crear | Villager (Male) |
| 2:32 | Crear | Villager (Male) |
| 2:52 | Crear | Villager (Male) |
| 2:52 | Crear | Villager (Male) |
| 3:26 | Crear | Villager (Male) |
| 3:37 | Construir | House |
| 3:48 | Crear | Villager (Male) |
| 4:17 | Crear | Villager (Male) |
| 4:24 | Construir | Dock |
| 4:34 | Construir | Palisade Wall |
| 4:36 | Construir | Palisade Wall |
| 4:41 | Construir | Palisade Wall |
| 4:45 | Crear | Villager (Male) |
| 4:45 | Crear | Villager (Male) |
| 4:46 | Crear | Villager (Male) |
| 5:28 | Crear | Villager (Male) |
| 5:29 | Crear | Villager (Male) |
| 5:29 | Crear | Villager (Male) |
| 6:00 | Crear | Villager (Male) |
| 6:01 | Crear | Fishing Ship |
| 6:01 | Crear | Fishing Ship |
| 6:09 | Construir | House |
| 6:12 | Construir | Palisade Wall |
| 6:31 | Investigar | Loom |
| 6:58 | Construir | House |
| 6:58 | Crear | Villager (Male) |
| 7:27 | Crear | Villager (Male) |
| 7:28 | Crear | Villager (Male) |
| 7:43 | Crear | Villager (Male) |
| 7:44 | Crear | Villager (Male) |
| 7:50 | Construir | Mill |
| 8:13 | Crear | Villager (Male) |
| 8:17 | Crear | Fishing Ship |
| 8:27 | Construir | Palisade Wall |
| 8:28 | Construir | Palisade Wall |
| 8:29 | Construir | Palisade Wall |
| 8:43 | Crear | Villager (Male) |
| 8:53 | Crear | Fishing Ship |
| 9:14 | Crear | Fishing Ship |
| 9:19 | Construir | House |
| 9:30 | Crear | Villager (Male) |
| 10:03 | Crear | Fishing Ship |
| 10:29 | Investigar | Feudal Age |
| 10:41 | Construir | Mining Camp |
| 11:21 | Construir | Dock |
| 11:30 | Crear | Villager (Male) |
| 12:38 | Construir | House |
| 12:39 | Edad | Edad Feudal |
| 12:42 | Investigar | Double-Bit Axe |
| 12:48 | Crear | Galley |
| 12:49 | Crear | Galley |
| 12:50 | Crear | Galley |
| 13:06 | Crear | Villager (Male) |
| 13:07 | Crear | Villager (Male) |
| 13:10 | Construir | House |
| 13:18 | Construir | House |
| 13:19 | Construir | House |
| 13:40 | Construir | Lumber Camp |
| 14:05 | Crear | Galley |
| 14:05 | Crear | Galley |
| 14:08 | Crear | Villager (Male) |
| 14:08 | Crear | Villager (Male) |
| 14:08 | Crear | Villager (Male) |
| 14:42 | Crear | Galley ×2 |
| 14:47 | Crear | Villager (Male) |
| 14:47 | Crear | Villager (Male) |
| 15:03 | Construir | House |
| 15:12 | Construir | Farm |
| 15:14 | Construir | Farm |
| 15:58 | Crear | Villager (Male) |
| 15:58 | Crear | Villager (Male) |
| 16:12 | Crear | Demolition Raft |
| 16:13 | Crear | Demolition Raft |
| 16:46 | Construir | Barracks |
| 17:02 | Construir | Palisade Wall |
| 17:11 | Construir | Watch Tower |
| 17:57 | Construir | Watch Tower |
| 19:05 | Construir | Market |
| 19:36 | Crear | Villager (Male) |
| 19:37 | Crear | Villager (Male) |
| 20:11 | Construir | Archery Range |
| 20:30 | Construir | Lumber Camp |
| 21:16 | Crear | Villager (Male) |
| 21:16 | Crear | Villager (Male) |
| 21:26 | Investigar | Castle Age |
| 21:35 | Construir | Watch Tower |
| 22:00 | Construir | House |
| 22:07 | Construir | House |
| 22:12 | Construir | House |
| 22:18 | Construir | House |
| 22:59 | Crear | Villager (Male) |
| 22:59 | Crear | Villager (Male) |
| 23:08 | Construir | Stable |
| 24:31 | Construir | Mining Camp |
| 24:46 | Edad | Edad de los Castillos |
| 24:47 | Construir | Farm |
| 24:47 | Construir | Farm |
| 24:47 | Construir | Farm |
| 24:48 | Construir | Farm |
| 24:48 | Construir | Farm |
| 24:48 | Construir | Farm |
| 24:48 | Construir | Farm |
| 24:49 | Construir | Farm |
| 24:49 | Construir | Farm |
| 24:49 | Construir | Farm |
| 25:13 | Construir | Town Center |
| 25:47 | Investigar | Husbandry |
| 25:49 | Investigar | Bloodlines |
| 25:56 | Construir | Archery Range |
| 26:34 | Investigar | Elite Skirmisher (upgrade) |
| 26:40 | Crear | Skirmisher |
| 26:40 | Crear | Skirmisher |
| 26:40 | Crear | Skirmisher |
| 26:41 | Crear | Skirmisher |
| 26:41 | Crear | Skirmisher |
| 26:53 | Crear | Villager (Male) |
| 26:53 | Crear | Villager (Male) |
| 26:53 | Crear | Villager (Male) |
| 28:25 | Crear | Skirmisher |
| 28:25 | Crear | Skirmisher |
| 28:26 | Crear | Skirmisher |
| 28:26 | Crear | Skirmisher |
| 28:35 | Construir | Blacksmith |
| 28:54 | Crear | Villager (Male) |
| 28:54 | Crear | Villager (Male) |
| 28:54 | Crear | Villager (Male) |
| 28:54 | Crear | Villager (Male) |
| 29:39 | Construir | Market |
| 29:53 | Crear | Villager (Male) |
| 30:29 | Construir | House |
| 30:57 | Construir | Town Center |
| 31:26 | Crear | Villager (Male) |
| 31:26 | Crear | Villager (Male) |
| 31:32 | Construir | Farm |
| 31:32 | Construir | Farm |
| 31:32 | Construir | Farm |
| 31:32 | Construir | Farm |
| 31:33 | Construir | Farm |
| 31:33 | Construir | Farm |
| 31:33 | Construir | Farm |
Cronología de la partida
| 4:24 | True Anomaly · first_building Dock |
| 4:31 | Hackjack37 · wall_segment Palisade Wall x5 |
| 4:34 | True Anomaly · wall_segment Palisade Wall x1 |
| 4:36 | True Anomaly · wall_segment Palisade Wall x1 |
| 4:41 | True Anomaly · wall_segment Palisade Wall x1 |
| 5:13 | Hackjack37 · first_building Dock |
| 5:26 | Macaw · wall_segment Palisade Wall x1 |
| 5:27 | Macaw · wall_segment Palisade Wall x1 |
| 5:35 | Macaw · wall_segment Palisade Wall x1 |
| 5:36 | Macaw · wall_segment Palisade Wall x1 |
| 6:12 | True Anomaly · wall_segment Palisade Wall x1 |
| 7:19 | Ottz · wall_segment Palisade Wall x2 |
| 7:21 | Ottz · wall_segment Palisade Wall x2 |
| 8:27 | True Anomaly · wall_segment Palisade Wall x1 |
| 8:28 | True Anomaly · wall_segment Palisade Wall x1 |
| 8:29 | True Anomaly · wall_segment Palisade Wall x1 |
| 8:51 | Macaw · wall_segment Palisade Wall x3 |
| 9:23 | Ottz · first_building Barracks |
| 9:30 | Macaw · wall_segment Palisade Wall x5 |
| 9:35 | Macaw · wall_segment Palisade Wall x3 |
| 9:36 | Macaw · wall_segment Palisade Wall x2 |
| 10:37 | Ottz · age_up feudal |
| 10:52 | Ottz · first_building Archery Range |
| 11:49 | Hackjack37 · age_up feudal |
| 12:07 | Macaw · age_up feudal |
| 12:39 | True Anomaly · age_up feudal |
| 13:03 | Hackjack37 · wall_segment Palisade Wall x4 |
| 13:06 | Hackjack37 · wall_segment Palisade Wall x3 |
| 14:31 | Macaw · first_building Barracks |
| 15:25 | Macaw · first_building Stable |
| 15:59 | Hackjack37 · first_market_sell 100 wood |
| 16:03 | Hackjack37 · first_market_buy 100 stone |
| 16:20 | Hackjack37 · age_up castle |
| 16:33 | Hackjack37 · first_building Castle |
| 16:46 | True Anomaly · first_building Barracks |
| 16:57 | Macaw · age_up castle |
| 17:02 | True Anomaly · wall_segment Palisade Wall x1 |
| 18:49 | Hackjack37 · first_building Siege Workshop |
| 20:11 | True Anomaly · first_building Archery Range |
| 23:08 | True Anomaly · first_building Stable |
| 24:32 | Ottz · age_up castle |
| 24:46 | True Anomaly · age_up castle |
| 25:02 | True Anomaly · first_market_sell 100 wood |
| 25:04 | True Anomaly · first_market_buy 100 stone |
| 28:42 | Macaw · first_market_sell 100 food |
| 29:19 | Macaw · first_market_buy 100 wood |
| 29:37 | Macaw · first_building Monastery |
| 32:09 | Hackjack37 · first_building Barracks |
| 32:09 | Macaw · first_building Archery Range |
| 33:00 | Hackjack37 · first_building Archery Range |
| 33:20 | Ottz · first_building Monastery |
| 33:40 | Macaw · age_up imperial |
| 33:51 | Hackjack37 · age_up imperial |
| 34:13 | Macaw · first_building Castle |
| 36:57 | True Anomaly · wall_segment Palisade Wall x1 |
| 37:05 | Macaw · first_building Siege Workshop |
| 37:12 | Ottz · age_up imperial |
| 38:28 | True Anomaly · resign |
[ ANÁLISIS IA · 1 CRÉDITO ]
¿Qué pasó realmente en esta partida?
Wolo.gg analiza cada decisión: build order, eco, micro, errores típicos por bracket. Análisis personalizado por WhatsApp o Discord en 30 segundos.
Guía civ
Sarracenos
Perfil
Jugador #826504